 Dungeon Crawl Stone Soup version 0.28.0-43-g3370ac3207 (webtiles) character file.

Game seed: 10155549436898195268

2436 Gatito the Spear-Bearer (level 9, -9/78 HPs)
             Began as a Minotaur Berserker on Mar 28, 2022.
             Was a Priest of Trog.
             Mangled by Harold
             ... wielding a +0 halberd
              (15 damage)
             ... on level 7 of the Dungeon.
             The game lasted 00:48:29 (7966 turns).

Gatito the Spear-Bearer (Minotaur Berserker)        Turns: 7966, Time: 00:48:30

Health: -9/78      AC: 12    Str: 25    XL:     9   Next: 25%
Magic:  8/8        EV: 10    Int:  4    God:    Trog [***...]
Gold:   255        SH:  0    Dex: 11    Spells: 8/8 levels left

rFire   . . .      SeeInvis +   a - +0 spear
rCold   . . .      Faith    .   (no shield)
rNeg    . . .      Spirit   .   z - +0 chain mail
rPois   +          Reflect  .   (helmet restricted)
rElec   .          Harm     .   (no cloak)
rCorr   .          Rampage  .   r - +0 pair of gloves
Will    .....                   (no boots)
Stlth   ..........              (no amulet)
HPRegen 0.23/turn               x - ring of see invisible
MPRegen 0.11/turn               A - ring of poison resistance

@: mighty, marked, on berserk cooldown, slowed, very slow
A: horns 2, retaliatory headbutt
a: Renounce Religion, Berserk, Trog's Hand


You were on level 7 of the Dungeon.
You worshipped Trog.
Trog was most pleased with you.
You visited 2 branches of the dungeon, and saw 8 of its levels.

You collected 255 gold pieces.

Inventory:

Hand Weapons
 a - a +0 spear (weapon)
 D - a +0 quarterstaff
 F - a +0 whip of flaming
Missiles
 p - 108 stones (quivered)
Armour
 l - the +2 scale mail of the Invisible Hand {rF++ rN+ Int-5 Dex+3}
   (You found it on level 2 of the Dungeon)

   Int:       It affects your intelligence (-5).
   Dex:       It affects your dexterity (+3).
   rF:        It greatly protects you from fire.
   rN:        It protects you from negative energy.
 r - a +0 pair of gloves (worn)
 z - a +0 chain mail (worn)
 C - a +0 helmet
Jewellery
 f - a ring of flight
 x - a ring of see invisible (left hand)
 A - a ring of poison resistance (right hand)
Wands
 y - a wand of digging (3)
Scrolls
 g - a scroll of vulnerability {unknown}
 h - 3 scrolls of amnesia
 j - a scroll of enchant weapon {unknown}
 n - a scroll of noise {unknown}
 o - 2 scrolls of teleportation {unknown}
 s - a scroll of torment {unknown}
 t - a scroll of fear {unknown}
 v - a scroll of immolation
Potions
 b - a potion of cancellation
 d - a potion of mutation {unknown}
 e - a potion of attraction {unknown}
 i - a potion of lignification {unknown}
 k - 4 potions of curing {unknown}
 m - 3 potions of haste
 q - a potion of degeneration {unknown}
 u - a potion of brilliance {unknown}
 w - a potion of flight {unknown}
 E - a potion of ambrosia {unknown}


   Skills:
 + Level 6.7 Fighting
 + Level 9.9 Polearms
 + Level 9.6 Armour
 + Level 4.1 Dodging
 + Level 1.4 Stealth


You had 8 spell levels left.
You didn't know any spells.
Your spell library contained the following spells:

 Spells                   Type           Power      Damage    Failure   Level
 Apportation              Tloc           0%         N/A       96%         1
 Slow                     Hex            0%         N/A       96%         1
 Static Discharge         Conj/Air       0%         N/A       99%         2
 Confusing Touch          Hex            0%         N/A       100%        3
 Gell's Gravitas          Tloc           0%         N/A       100%        3
 Lesser Beckoning         Tloc           0%         N/A       100%        3
 Ozocubu's Armour         Ice            0%         N/A       100%        3
 Teleport Other           Tloc           0%         N/A       100%        3
 Vampiric Draining        Necr           0%         2d6       100%        3
 Flame Wave               Conj/Fire      0%         2d4       100%        4
 Summon Ice Beast         Ice/Summ       0%         N/A       100%        4
 Metabolic Englaciation   Hex/Ice        0%         N/A       100%        5
 Summon Mana Viper        Hex/Summ       0%         N/A       100%        5
 Simulacrum               Ice/Necr       0%         N/A       100%        6
 Monstrous Menagerie      Summ           0%         N/A       100%        7


Dungeon Overview and Level Annotations

Branches:
Dungeon (7/15)             Temple (1/1) D:4

Altars:
Cheibriados
Dithmenos
Elyvilon
Fedhas
Gozag
Hepliaklqana
Kikubaaqudgha
Makhleb
Nemelex Xobeh
Okawaru
Qazlal
Ru
Sif Muna
Trog
Uskayaw
Vehumet
Wu Jian
Xom
Yredelemnul
Zin
The Shining One

Shops:
D:6 *

Annotations:
D:5 1 runed translucent door, Crazy Yiuf, Menkaure
D:7 Harold


Innate Abilities, Weirdness & Mutations

You have a pair of horns on your head.
You reflexively headbutt those who attack you in melee.


Message History

You closely miss Harold.
Harold is moderately wounded.
Harold gestures at you while chanting. The mark upon you grows brighter.
You puncture Harold!
Harold is moderately wounded.
Harold closely misses you.
You hit Harold but do no damage.
Harold is moderately wounded.
Harold barely misses you. You furiously retaliate!
You headbutt Harold!
You feel very mighty all of a sudden.
You hear the steady creaking of a very distant portcullis.
Harold hits you with a +0 halberd.
* * * LOW HITPOINT WARNING * * *
You barely miss Harold. Your headbutt misses Harold.
Harold is heavily wounded.
Harold points at you and mumbles some strange words.
The mark upon you grows brighter.
You barely miss Harold.
Harold is heavily wounded.
Harold barely misses you. You furiously retaliate!
You headbutt Harold! You hit Harold.
Harold is severely wounded.
Harold barely misses you. You furiously retaliate!
You headbutt Harold! You puncture Harold! You headbutt Harold!
Harold is almost dead.
Harold barely misses you.
You hit Harold.
Harold is almost dead.
Harold hits you with a +0 halberd.
* * * LOW HITPOINT WARNING * * *
You closely miss Harold.
Harold is almost dead.
Harold says, "Ah, this is what I got into this business for!"
Harold hits you with a +0 halberd!
* * * LOW HITPOINT WARNING * * *
You hit Harold. You headbutt Harold, but do no damage.
Harold is almost dead.
Harold hits you with a +0 halberd!
You die...

#...# .. #...#.## .##
...###..# ..## ..# #..
... .#####.. #..
........ #.# #..##...
#@# # ##.# #... ###@# #.
#..###... #...##
#.#..##...# #.....#(.#
#.........#
#...####.####.###....#.#
.....# ##.##.# #..####.
..... #....# ##.# . ....
#.#..## #.####. ...
#.##..# ##...... ...
..##..###.......


You could see Harold.

Vanquished Creatures
  Pikel (D:6)
  A steam dragon (D:6)
  2 sky beasts (D:6)
  3 necrophages
  2 ogres
  A centaur (D:7)
  A water moccasin zombie (D:6)
  A scorpion (D:4)
  2 water moccasin skeletons
  5 killer bees (D:7)
  A howler monkey (D:6)
  An electric eel (D:6)
  A bullfrog zombie (D:6)
  A centaur skeleton (D:7)
  3 centaur zombies
  A jelly (D:4)
  3 bullfrog skeletons (D:6)
  Jessica (D:2)
  2 iguanas (D:6)
  2 orc wizards
  A killer bee zombie (D:7)
  A hound skeleton (D:5)
  3 gnolls (D:2)
  9 adders
  An adder skeleton (D:4)
  3 worms
  A dart slug (D:1)
  6 orcs
  3 ball pythons
  9 bats
  7 endoplasms
  A giant cockroach (D:3)
  9 goblins
  6 hobgoblins
  4 jackals (D:4)
  9 kobolds
  8 quokkas
  A frilled lizard (D:2)
  6 rats
123 creatures vanquished.

Notes
Turn   | Place    | Note
-------+----------+-------------------------------------------
     0 | D:1      | Gatito the Minotaur Berserker began the quest for the Orb.
     0 | D:1      | Reached XP level 1. HP: 19/19 MP: 0/0
   173 | D:1      | Reached XP level 2. HP: 27/27 MP: 1/1
   232 | D:1      | Got Cashof's Handbook of the Hidden Vale
   402 | D:1      | Found a faded altar of an unknown god.
   707 | D:1      | Reached XP level 3. HP: 33/33 MP: 2/2
   783 | D:1      | Reached ** piety under Trog
   995 | D:2      | Identified the +2 scale mail of the Invisible Hand {rF++
                  | rN+ Int-5 Dex+3}
  1006 | D:2      | Lost intelligence.
  1454 | D:2      | Reached XP level 4. HP: 41/41 MP: 3/3
  1850 | D:2      | Noticed Jessica
  1855 | D:2      | Killed Jessica
  1856 | D:2      | Reached skill level 5 in Polearms
  2836 | D:3      | Reached XP level 5. HP: 47/47 MP: 4/4
  3698 | D:3      | Lost intelligence.
  3762 | D:4      | Reached XP level 6. HP: 33/55 MP: 5/5
  3906 | D:4      | Found a staircase to the Ecumenical Temple.
  4117 | D:4      | Reached skill level 5 in Fighting
  4117 | D:4      | Reached skill level 5 in Armour
  4689 | Temple   | Entered the Ecumenical Temple
  5028 | D:4      | Lost intelligence.
  5038 | D:5      | Entered Level 5 of the Dungeon
  5143 | D:5      | Reached XP level 7. HP: 61/61 MP: 6/6
  5407 | D:5      | Found a runed translucent door.
  5408 | D:5      | Noticed Crazy Yiuf
  5830 | D:5      | Reached *** piety under Trog
  5839 | D:5      | Noticed Menkaure
  6651 | D:6      | Reached skill level 1 in Stealth
  6806 | D:6      | Reached XP level 8. HP: 70/70 MP: 7/7
  6871 | D:6      | Found Sagoblus's Neck Hole.
  7034 | D:6      | Noticed Pikel
  7042 | D:6      | Killed Pikel
  7628 | D:7      | Reached XP level 9. HP: 78/78 MP: 8/8
  7936 | D:7      | Noticed Harold
  7966 | D:7      | Mangled by Harold

Illustrated notes

Levels and vault maps discovered:
D:1:      minmay_arrival_arboretum_small, layout_basic,
          ebering_ecumenical_altar_box, minmay_three_crescents
D:2:      kennysheep_six_static_rooms, layout_basic, minmay_tetromino_t4,
          uniq_jessica
D:3:      layout_basic, gup_sewer_entry_pipe, minmay_unequal
D:4:      layout_cave_pools, minmay_temple_entry_crystal_x
D:5:      layout_gridville, uniq_menkaure, uniq_crazy_yiuf_cottage
D:6:      layout_loops_ring, enter_ossuary_1, mrwooster_statue_mirror,
          nrook_pool_corridor, nicolae_shop_sticking_my_neck_out, uniq_pikel
D:7:      layout_layer_cave, mainiacjoe_overflow_six_doors_small,
          enter_bailey_4, uniq_harold
Temple:   mainiacjoe_temple_hex_bubbles

Skill      XL: |  1  2  3  4  5  6  7  8 |
---------------+-------------------------+-----
Fighting       | 4 5 6 |  6.7
Polearms       | 4 5 6 7 9 |  9.9
Armour         | 3 4 5 7 9 |  9.6
Dodging        | 3 4 |  4.1
Stealth        | 1 |  1.4

Action                   |  1- 3 |  4- 6 |  7- 9 || total
-------------------------+-------+-------+-------++-------
Melee: Spear             |    71 |   150 |   170 ||   391
       Headbutt          |    13 |    25 |    38 ||    76
       Punch             |     2 |     2 |     5 ||     9
Throw: Stone             |     5 |       |       ||     5
       Throwing net      |       |       |     1 ||     1
Invok: Berserk           |     1 |     3 |     6 ||    10
  Use: Potion            |       |     1 |     1 ||     2
       Scroll            |       |     4 |       ||     4
Armor: Animal skin       |     2 |       |       ||     2
       Ring mail         |    12 |       |       ||    12
       Scale mail        |     3 |    72 |    24 ||    99
       Chain mail        |       |       |    40 ||    40
Dodge: Dodged            |    32 |    90 |    79 ||   201
